[Event "German Bundesliga 2021-22"]
[Site "Germany"]
[Date "2022.04.10"]
[Round "4.10"]
[White "Van Foreest, Jorden"]
[Black "Santos Ruiz, Miguel"]
[Result "1/2-1/2"]
[ECO "C50"]
[WhiteElo "2702"]
[BlackElo "2596"]
[Annotator "TA"]
[PlyCount "68"]
[EventDate "2022.03.05"]
[EventType "team-tourn"]
[EventCountry "GER"]
[SourceTitle "playchess.com"]
[Source "ChessBase"]
[SourceQuality "1"]
[TimeControl "40/5400+30:1800+30"]

1. e4 e5 2. Nf3 Nc6 3. Bc4 Nf6 4. d3 Bc5 5. Nc3 h6 6. a3 a6 7. Be3 {[%emt 0:00:00] C50: Hungarian Defence and Giuoco Pianissimo.} d6 8. Nd5 {[%emt 0:00:00] 8.Nd5 is the recent fashion.} Nxd5 {[%emt 0:06:41] [#]} 9. Bxd5 $146 {[%emt 0:00:00] next Bxc5 is good for White. The position is equal.} ({Predecessor:} 9. exd5 Nd4 10. Bxd4 Bxd4 11. c3 Bb6 12. Qe2 O-O 13. O-O-O Bg4 14. h3 Bxf3 15. Qxf3 {0-1 (47) Garcia Andres,D (2046)-Solano Lasierra,J (2103) Spain 2004}) 9... Bxe3 10. fxe3 Be6 11. Bxe6 fxe6 12. Qe2 Qe7 13. O-O-O d5 14. d4 O-O-O 15. Qd3 Qf6 16. Rhf1 exd4 17. Nxd4 Ne5 18. Qb3 Qg6 19. exd5 exd5 20. Nf5 {[%emt 0:03:02] [#] And now Ne7+ would win.} Rhe8 {[%emt 0:04:41] Against Ne7+} ({Don't take} 20... Qxg2 21. Ne7+ Kb8 22. Rf5 $16) 21. g3 $1 Nc4 22. Qc3 Rd7 23. Rf4 Re5 24. g4 {[%emt 0:06:32] [#] Strongly threatening Rxc4.} Qe6 25. Nxg7 Rxg7 26. Rf8+ Kd7 27. Qxc4 {[%emt 0:00:03] Rh8 is the strong threat.} Rxg4 28. Qf1 Rg6 {[%emt 0:07:48] Prevents Rf6.} 29. Qf4 Re4 30. Qf2 Kc6 31. h4 {[%emt 0:01:57] aiming for h5.} h5 32. Rd8 Qf6 33. Qxf6+ Rxf6 34. R8xd5 Rxh4 {[%emt 0:00:09] An even fight not without its subleties.  Weighted Error Value: White=0.05 (flawless) /Black=0.02 (flawless)} 1/2-1/2

[Event "German Bundesliga 2021-22"]
[Site "Germany"]
[Date "2022.04.10"]
[Round "4.10"]
[White "Adams, Michael"]
[Black "Levin, Felix"]
[Result "1/2-1/2"]
[ECO "C54"]
[WhiteElo "2698"]
[BlackElo "2456"]
[Annotator "TA"]
[PlyCount "84"]
[EventDate "2022.03.05"]
[EventType "team-tourn"]
[EventCountry "GER"]
[SourceTitle "playchess.com"]
[Source "ChessBase"]
[SourceQuality "1"]
[TimeControl "40/5400+30:1800+30"]

1. e4 e5 2. Nf3 Nc6 3. Bc4 Bc5 4. c3 Nf6 5. d3 d6 6. a4 {[%emt 0:00:00] Threatens to win with b4. C54: Giuoco Piano: 4 c3 Nf6, main lines with 5 d4 and 5 d3.} a5 {[%emt 0:00:00] Prevents b4.} 7. O-O {[%emt 0:00:00] 7.Bg5 gains popularity.} h6 8. Re1 O-O 9. Nbd2 Bb6 10. Nf1 Ne7 11. Ng3 Ng6 12. Bb3 c6 13. h3 d5 14. exd5 Nxd5 15. d4 exd4 16. Nxd4 {[%emt 0:00:05] [#]} Bd7 $146 (16... Qd6 {seems wilder.} 17. Bd2 Ndf4 18. Be3 Bxd4 19. Ne4 Qd8) ({Predecessor:} 16... Re8 17. Rxe8+ Qxe8 18. Bxd5 cxd5 19. Be3 Bc7 20. Qd2 Bd7 21. b3 Bxg3 22. fxg3 Qe5 {½-½ (32) Vidit,S (2727)-Esipenko,A (2714) Wijk aan Zee 2022}) 17. Bxd5 cxd5 18. Be3 Bc7 19. Ndf5 {[%emt 0:09:15] &Bianco is more active. Pair of Knights!} (19. Qf3 $14) 19... Re8 $11 20. Bd4 {[%emt 0:12:04] [#] And now Rxe8+ would win.} Rxe1+ 21. Qxe1 Bxg3 22. Nxg3 Qg5 23. Be3 Qe5 24. Qd2 Bc6 25. b3 Nh4 26. Bd4 Qg5 27. Qd3 (27. Ra2 $11) 27... f5 $1 $15 {[%emt 0:04:03] Strongly threatening ...f4.} 28. f4 $1 Qxf4 29. Nh5 Qg5 $40 {[%emt 0:00:31][%csl Gh4,LRg2,LRh5][%cal Rg5g2][%mdl 128] [#] White is in trouble.} 30. Qg3 Qxg3 31. Nxg3 g5 32. Ne2 f4 33. Bf2 Nf5 34. Nd4 Nd6 35. Nxc6 (35. Re1 $15) 35... bxc6 {[%emt 0:00:06][%mdl 4096] Endgame KRB-KRN} 36. b4 Kf7 37. Bd4 (37. Bb6 $17 {keeps fighting.}) 37... Ke6 $19 38. Bb6 axb4 39. cxb4 Ne4 (39... Nc4 $17 40. Bd4 Kf5) 40. a5 $11 Ra6 41. Rc1 Kd7 42. Kf1 Ra8 {Weighted Error Value: White=0.15 (very precise) /Black=0.12 (very precise)} 1/2-1/2

[Event "German Bundesliga 2021-22"]
[Site "Germany"]
[Date "2022.04.10"]
[Round "4.10"]
[White "Areshchenko, Alexander"]
[Black "Bartel, Mateusz"]
[Result "1-0"]
[ECO "B12"]
[WhiteElo "2670"]
[BlackElo "2616"]
[Annotator "TA"]
[PlyCount "65"]
[EventDate "2022.03.05"]
[EventType "team-tourn"]
[EventCountry "GER"]
[SourceTitle "playchess.com"]
[Source "ChessBase"]
[SourceQuality "1"]
[TimeControl "40/5400+30:1800+30"]

1. e4 c6 2. d4 d5 3. e5 c5 4. Nf3 cxd4 5. Nxd4 Nc6 6. Nxc6 {[%emt 0:00:00] B12: Caro-Kann: Advance Variation.} bxc6 7. Bd3 Qc7 8. Qe2 {[%emt 0:03:07] White has an edge.} e6 9. Nd2 Ne7 10. Nf3 {[%emt 0:02:40] [#]} c5 $146 {[%emt 0:00:19] Strongly threatening ...c4.} ({Predecessor:} 10... Ng6 11. h4 f6 12. exf6 gxf6 13. Nd4 Kf7 14. O-O c5 15. Qh5 Kg8 16. Nb5 Qf7 {1-0 (34) Raja,H (2472)-Ravi,T (2470) Ahmedabad 2020}) 11. c3 Nc6 12. O-O Be7 13. Re1 h6 14. h4 Rb8 15. h5 Qa5 16. Nh2 Kd7 (16... Kf8 $11 {is superior.}) 17. Qg4 $14 Bb7 (17... Ba6 $14 18. Bxa6 Qxa6) 18. Nf3 $16 g5 (18... c4 19. Bc2 $14) (18... Ba6 $142 19. Rd1 (19. Bxa6 Qxa6 20. Rd1 Kc7 $11) 19... Bxd3 20. Rxd3 Kc7) 19. hxg6 fxg6 20. Bxg6 (20. b4 $142 Qa4 21. Be3 (21. Bxg6 Rbg8 $11)) 20... h5 ({Black should play} 20... Rbg8) 21. Qh3 {[%emt 0:01:15] &Bianco is more active.} Qa4 22. b4 {[%emt 0:05:17][%cal Bb2b4,Bb4c5][%mdl 32] Threatens to win with Bg5.} Rbg8 $2 {[%emt 0:06:21][%mdl 8192] This costs Black the game.} (22... Rbf8 $16 {was necessary.}) 23. Bf7 $18 (23. Bxh5 $2 Qc2 24. Be3 Qh7 25. Bxc5 (25. b5 $2 Na5 $19) 25... Bxc5 26. bxc5 Qxh5 27. Qxh5 Rxh5 $19) 23... Nd8 24. Bxg8 {[%emt 0:00:52] The board is on fire.} Rxg8 25. bxc5 d4 26. cxd4 Rg4 27. Rb1 {[%emt 0:09:52][%cal Ob1b7,Ba1b1,Bb1b3,Bb3b8][%mdl 32] Hoping for Rxb7+!} Bd5 {[%emt 0:00:31] [#]} 28. Rb3 $1 Nc6 {[%emt 0:02:10] [#]} 29. Be3 $1 Kc7 (29... Kc8 30. Rb2) 30. Reb1 Na5 {[%emt 0:00:24] Against Rb7+. White is clearly winning.} 31. Rb8 {[%emt 0:02:05][%cal Oe3g5] aiming for Bg5!} Qc2 {[%emt 0:00:08] [#]} (31... Be4 $142 32. a3 (32. Qxh5 $2 Bxf3 33. Qh2 Rxg2+ 34. Qxg2 Bxg2 $19) 32... Bxb1 33. Rxb1 Qc6) 32. Qxh5 $1 {[%emt 0:01:20][%cal Oh5e8] Qe8! would kill now.} Qe4 {[%emt 0:01:49] [#]} (32... Nb3 33. R1xb3) 33. Qf7 $1 {[%emt 0:01:18] Weighted Error Value: White=0.10 (very precise) /Black=0.40} 1-0

[Event "German Bundesliga 2021-22"]
[Site "Germany"]
[Date "2022.04.10"]
[Round "4.10"]
[White "Lupulescu, Constantin"]
[Black "Piorun, Kacper"]
[Result "1/2-1/2"]
[ECO "A06"]
[WhiteElo "2620"]
[BlackElo "2641"]
[Annotator "TA"]
[PlyCount "40"]
[EventDate "2022.03.05"]
[EventType "team-tourn"]
[EventCountry "GER"]
[SourceTitle "playchess.com"]
[Source "ChessBase"]
[SourceQuality "1"]
[TimeControl "40/5400+30:1800+30"]

1. Nf3 d5 2. e3 Nf6 3. c4 c6 4. d4 g6 5. Be2 Bg7 6. O-O O-O 7. Nc3 a6 $1 {[%emt 0:00:15][%mdl 4] is currently scoring better than 7...Bg4.} 8. b3 Bg4 {[%emt 0:09:59] D94: Grünfeld: 4 Nf3 Bg7 5 e3.} 9. h3 Bxf3 10. Bxf3 e6 {[%emt 0:05:58] White has an edge.} 11. Bb2 Re8 12. Qe2 Nbd7 13. Rfd1 Qb6 14. g3 {[%emt 0:07:14] [#]} Rad8 $146 ({Predecessor:} 14... a5 15. Bg2 Qa7 16. a4 Qb6 17. Qc2 Nb8 18. Ne2 Na6 19. Nf4 Nb4 20. Qe2 Nd7 {½-½ (68) Pashikian,A (2605)-Kamsky,G (2677) Moscow 2019}) 15. Bg2 Qc7 16. Rac1 Qb8 17. Qc2 Rc8 18. Qe2 Rcd8 19. Qc2 Rc8 20. Qe2 Rcd8 {[%emt 0:00:18] Weighted Error Value: White=0.13 (very precise) /Black=0.03 (flawless)} 1/2-1/2

[Event "German Bundesliga 2021-22"]
[Site "Germany"]
[Date "2022.04.10"]
[Round "4.11"]
[White "Gajewski, Grzegorz"]
[Black "Edouard, Romain"]
[Result "1/2-1/2"]
[ECO "D20"]
[WhiteElo "2589"]
[BlackElo "2591"]
[Annotator "TA"]
[PlyCount "98"]
[EventDate "2022.03.05"]
[EventType "team-tourn"]
[EventCountry "GER"]
[SourceTitle "playchess.com"]
[Source "ChessBase"]
[SourceQuality "1"]
[TimeControl "40/5400+30:1800+30"]

1. d4 d5 2. c4 dxc4 3. e4 Nf6 4. e5 Nd5 5. Bxc4 Nb6 6. Bd3 Nc6 7. Be3 Nb4 8. Be4 f5 {[%emt 0:00:00] [#] D20: Queen's Gambit Accepted: 3 e3 and 3 e4.} 9. a3 $1 {[%emt 0:00:00][%mdl 4] is more profitable than 9.exf6 at the moment.} N4d5 10. Bxd5 Nxd5 11. Ne2 c6 {[%emt 0:00:00] [#]} 12. Nbc3 $146 ({Predecessor:} 12. h4 Be6 13. h5 Qd7 14. Qc2 O-O-O 15. Nbc3 Kb8 16. Rc1 Rc8 17. Nf4 Nxf4 18. Bxf4 Qxd4 {½-½ (32) Morozov,D (2481)-Volodarsky,Y (2376) ICCF email 2020}) 12... Nxe3 13. fxe3 g6 14. Nf4 Bh6 15. Qf3 Qb6 16. Nce2 Qb3 17. Qh3 (17. O-O $11) 17... Bg7 ({Black should try} 17... Bxf4 $15 18. exf4 (18. Nxf4 g5 $15) 18... Qxh3 19. gxh3 Kf7) 18. O-O $11 Qf7 19. Qg3 Bh6 20. Qh3 Bg7 21. Nc3 O-O 22. Qg3 Bh6 23. h4 Be6 24. Nh3 Qg7 25. Ng5 Bxg5 26. hxg5 Rad8 27. Rf4 Rd7 28. b4 Rfd8 29. Rc1 b6 30. Ne2 Bd5 31. Rf2 e6 32. Nf4 Qe7 (32... Rc7 $1 $11) 33. Rfc2 $16 Qe8 34. Qf2 {[%emt 0:08:47] &Bianco is more active.} Rc7 35. Rc3 Rdc8 36. a4 Qe7 {[%emt 0:00:54][%csl LRb4,LRg5] The position is equal.} 37. b5 c5 38. dxc5 Rxc5 39. Qd2 Kf7 40. Qd4 Rxc3 (40... Qxg5 $2 41. Nxd5 exd5 42. Rxc5 bxc5 43. Rxc5 (43. Qxd5+ Kg7 $11) 43... Rxc5 44. Qxc5 $18) 41. Rxc3 Rxc3 42. Qxc3 Qxg5 43. Qc8 Qg3 44. Qc7+ Kg8 45. Qb8+ Kg7 46. Qxa7+ Kh6 $1 47. Qxb6 g5 48. Nxd5 Qe1+ 49. Kh2 Qh4+ {[%emt 0:00:00] Weighted Error Value: White=0.09 (flawless) /Black=0.08 (flawless)} 1/2-1/2

[Event "German Bundesliga 2021-22"]
[Site "Germany"]
[Date "2022.04.10"]
[Round "4.11"]
[White "Tomczak, Jacek"]
[Black "Salgado Lopez, Ivan"]
[Result "1/2-1/2"]
[ECO "B50"]
[WhiteElo "2584"]
[BlackElo "2611"]
[Annotator "TA"]
[PlyCount "53"]
[EventDate "2022.03.05"]
[EventType "team-tourn"]
[EventCountry "GER"]
[SourceTitle "playchess.com"]
[Source "ChessBase"]
[SourceQuality "1"]
[TimeControl "40/5400+30:1800+30"]

1. e4 c5 2. Nf3 d6 3. c3 Nf6 4. Be2 Bg4 5. O-O e6 6. d4 {[%emt 0:19:00] B50: Sicilian: 2...d6, Miscellaneous.} Nxe4 7. d5 {[%emt 0:14:31] [#] Qa4+ is the strong threat.} Nf6 $146 ({Predecessor:} 7... Nd7 8. dxe6 fxe6 9. Re1 Be7 10. Bd3 Nef6 11. h3 Bxf3 12. Qxf3 O-O 13. Rxe6 Ne5 {0-1 (29) Plenca,J (2323)-Levin,E (2486) Rijeka 2010}) 8. dxe6 {[%emt 0:04:39] The position is equal.} Bxe6 9. Ng5 Nc6 10. Nxe6 fxe6 11. Bg5 Qd7 12. Bxf6 gxf6 13. Bh5+ Kd8 $1 14. Na3 d5 15. Qe2 Kc7 16. Rfe1 c4 (16... e5 $1 $15) 17. Nb5+ $11 Kb6 18. Nd4 e5 19. Bg4 {[%emt 0:02:49] [#]} Qf7 ({Black should play} 19... Nxd4 $1 $15 20. cxd4 (20. Bxd7 Nxe2+ 21. Rxe2 Rd8 $17) 20... Qc7) 20. Nxc6 $14 bxc6 21. b3 {[%emt 0:00:09] And now bxc4 would win.} Bc5 22. bxc4 dxc4 23. Qf3 {[%emt 0:04:10][%cal Oe1e5] Hoping for Rxe5!} h5 24. Bf5 {[%emt 0:02:25][%mdl 1024] White has compensation.} Rad8 25. Red1 h4 (25... Kc7 $14) 26. h3 ({Don't take} 26. Rab1+ Kc7 $14) (26. a4 $16) 26... Kc7 27. Be4 {[%emt 0:01:01] Against Rd5.  Weighted Error Value: White=0.11 (very precise) /Black=0.15 (very precise)} (27. a4 $14) 1/2-1/2

[Event "German Bundesliga 2021-22"]
[Site "Germany"]
[Date "2022.04.10"]
[Round "4.11"]
[White "Bogner, Sebastian"]
[Black "L'Ami, Erwin"]
[Result "0-1"]
[ECO "D38"]
[WhiteElo "2573"]
[BlackElo "2622"]
[Annotator "TA"]
[PlyCount "130"]
[EventDate "2022.03.05"]
[EventType "team-tourn"]
[EventCountry "GER"]
[SourceTitle "playchess.com"]
[Source "ChessBase"]
[SourceQuality "1"]
[TimeControl "40/5400+30:1800+30"]

1. d4 {[%emt 0:00:00] ChessBase II} Nf6 2. c4 e6 3. Nf3 d5 4. Nc3 Bb4 5. Qa4+ Nc6 6. e3 O-O 7. Qc2 {[%emt 0:00:00] D38: Queen's Gambit Declined: Ragozin Defence (4 Nf3 Bb4).} Ne7 8. a3 {[%emt 0:04:08] has lost popularity (8.Bd2).} Bxc3+ 9. Qxc3 {[%emt 0:00:17] The position is equal.} b6 {[%emt 0:00:00] [#]} 10. b4 $5 $146 {[%emt 0:05:31][%mdl 8] New and interesting.} ({Predecessor:} 10. b3 Bb7 11. Be2 dxc4 12. bxc4 c5 13. O-O Rc8 14. Rd1 Qc7 15. Bb2 cxd4 16. Nxd4 {½-½ (93) Krasenkow,M (2671)-Bluebaum,M (2640) Wijk aan Zee 2018 CBM 183 [ChessBase II]}) 10... c5 11. dxc5 bxc5 12. Bb2 (12. cxd5 {with more complications.} Ne4 13. Qc2 exd5 14. bxc5 Bf5 15. Bd3) 12... Bb7 13. Be2 cxb4 14. axb4 dxc4 15. Qxc4 Bd5 16. Qd3 Rc8 17. O-O Qb6 18. Qa3 Bc4 {[%emt 0:04:04] [#]} 19. Bd4 $1 {[%emt 0:03:18] This bishop pair is nice.} Qb7 (19... Qb5 20. Bxc4) 20. Bxc4 Rxc4 21. Qd3 Rcc8 22. b5 (22. Rxa7 Qxb4 23. Rfa1 Nc6 $14) 22... Ra8 23. Ra5 Rfd8 24. Qa3 Rd5 25. Ra1 (25. Bxa7 h6 $11) 25... Nc8 26. Qb2 (26. Qb4 $16) 26... Ne8 27. e4 Rd8 28. Ne5 $1 Qxe4 29. Nc6 (29. Bxa7 $2 Rxa7 30. Rxa7 Nxa7 $19) 29... Rd7 30. f3 $36 {[%emt 0:01:13][%mdl 3072] White has strong compensation. White is on the roll.} Qd5 31. Rc1 {[%emt 0:01:32] Strongly threatening b6.} Rb7 {[%emt 0:01:26] Inhibits b6.} 32. b6 (32. Qe2 $16) 32... Qd7 $1 $11 33. Ne5 Qd8 34. Nc6 Qd7 35. Qa3 Ned6 $2 {[%emt 0:01:39][%mdl 8192] [#]} (35... Nxb6 $11 36. Bxb6 Rxb6 37. Ne7+ Kh8) 36. bxa7 $2 (36. Bxg7 $1 $18 {[%mdl 512] and the rest is easy.} f5 37. Ba1 Nxb6 38. Qc3) 36... Nb5 $16 37. Rxb5 Rxb5 $15 38. Qa6 ({Better is} 38. Qa4 $15 Nd6 39. Be3) 38... Rb7 39. Be3 {[%emt 0:00:35] Hoping for Nb8.} (39. Ra1 $2 Rc7 40. Be3 Rxc6 $19) 39... Rc7 ({Don't play} 39... Nxa7 $6 40. Nxa7 h6 41. Ra1 $15) 40. Bf4 $2 ({White should play} 40. Qa5 $15 Kh8 41. Kf2 Raxa7 42. Nxa7 Rxc1 43. Bxc1 Qxa7+ 44. Qxa7 Nxa7 45. Ke3) 40... Raxa7 $2 (40... e5 $1 $19 {[%cal Re5f4] and Black stays clearly on top.} 41. Bxe5 Raxa7) 41. Qc4 (41. Nxa7 $17 {was called for.} Qd4+ 42. Kf1 Rxc1+ 43. Bxc1 Nxa7 44. Ke2) 41... Rxc6 $2 42. Qxc6 $17 Qxc6 43. Rxc6 $19 {[%emt 0:00:00][%cal Rc6c8][%mdl 4096] Endgame KRB-KRN} Ne7 44. Rc2 f6 45. g4 g5 46. Bg3 Ng6 47. Rc5 e5 48. Rc6 Kf7 49. Rb6 Ra1+ 50. Kg2 Ra2+ 51. Kf1 {[%emt 0:00:24] [#]} Nh4 $1 52. Rb3 Kg6 {[%emt 0:01:38] &Nero is more active.} 53. h3 (53. Kg1 $17) 53... Ng2 54. Kg1 Nf4 55. Bxf4 gxf4 {[%emt 0:00:07] KR-KR} ({Weaker is} 55... exf4 56. Rb6 $17) 56. h4 (56. Rb7) 56... h5 {[%emt 0:01:53] ...hxg4 is the strong threat. Black is clearly winning.} 57. g5 fxg5 58. Rb6+ Kf5 59. Rh6 g4 60. Rxh5+ Ke6 61. fxg4 e4 62. Rh6+ Ke5 63. g5 e3 64. Rh8 f3 65. g6 Rg2+ {[%emt 0:00:20] What a bad dream for White.  Weighted Error Value: White=0.54/Black=0.22 (precise)} 0-1

[Event "German Bundesliga 2021-22"]
[Site "Germany"]
[Date "2022.04.10"]
[Round "4.11"]
[White "Vaisser, Anatoly"]
[Black "Kasimdzhanov, Rustam"]
[Result "0-1"]
[ECO "D31"]
[WhiteElo "2484"]
[BlackElo "2659"]
[Annotator "TA"]
[PlyCount "208"]
[EventDate "2022.03.05"]
[EventType "team-tourn"]
[EventCountry "GER"]
[SourceTitle "playchess.com"]
[Source "ChessBase"]
[SourceQuality "1"]
[TimeControl "40/5400+30:1800+30"]

1. d4 d5 2. c4 e6 3. Nc3 Be7 4. cxd5 exd5 5. Bf4 c6 6. e3 Bf5 7. Nge2 Nd7 8. f3 Bg6 9. Bg3 Ngf6 10. Nf4 Nh5 11. Nxg6 hxg6 12. Bf2 Bd6 13. Bd3 Ng3 14. Rg1 Rxh2 15. e4 Nh1 16. Be3 Qh4+ 17. Kd2 Nf2 18. Qf1 Nxd3 19. Kxd3 Nb6 20. exd5 Nxd5 21. Nxd5 cxd5 22. Qe1 Qxe1 23. Raxe1 Kd7 24. Re2 Re8 25. Rc1 g5 26. Rcc2 f6 27. g4 Rh3 28. Rf2 Rh1 29. Bd2 Reh8 30. Rc1 Rxc1 31. Bxc1 Rh1 32. Bd2 Bf4 33. Bc3 Rg1 34. Ke2 Bg3 35. Rf1 Rg2+ $1 36. Kd3 Rh2 37. Rc1 Rf2 38. Ke3 Rh2 39. Kd3 $1 Bd6 40. Rc2 Rh3 41. Rf2 Ke6 42. Ke2 f5 43. Rg2 Bf4 44. Be1 Rh1 45. Bc3 Rh3 46. Be1 $1 Kf7 47. Bf2 fxg4 48. fxg4 Bc1 $2 (48... b5 $19 {Threatens to win with ...a5.} 49. Rg1 a5) 49. Rg1 $1 $11 Bf4 50. Rd1 (50. Rg2 $11) 50... Rh6 $17 51. Rd3 Rb6 52. b3 Rc6 53. a4 Ke6 54. Be3 Kd7 55. Bf2 Kc7 56. Kf3 Kd7 ({Better is} 56... Kb6 $17 57. Kg2 Rc2) 57. Be1 (57. Ke2 $1 $11 {was the only way to keep the balance.}) 57... Rf6 58. Kg2 Re6 59. Bf2 Rc6 60. Rh3 Rc2 61. Kf1 Rc1+ 62. Ke2 Rc2+ 63. Kf1 $1 Rb2 64. Be1 Bd6 65. Rf3 Be7 66. Bf2 Bf6 67. Rd3 Rc2 68. Kg2 Kc6 69. Kf3 b5 70. axb5+ Kxb5 71. Be1 Rc1 72. Ke2 Rc8 73. Bd2 Re8+ 74. Re3 Rh8 75. Kd3 Rh4 76. Rg3 (76. Re6 $1 $11 {keeps the balance.}) 76... Rh2 77. Bc3 (77. Rf3 $15) 77... Rh1 78. Rg2 Rh3+ 79. Kc2 Rf3 80. Rg1 Bd8 81. Bd2 Bb6 82. Bc3 Rf4 83. Kd3 Rf3+ 84. Kc2 Kc6 (84... Rf2+ $17 85. Kd3 Rf3+ 86. Kd2 Bd8) 85. Rg2 (85. Re1 $1 $15) 85... Rf4 86. Kd3 Rf3+ 87. Kc2 Kb5 (87... Bd8 $17 88. Re2 Bf6 89. Re6+ Kc7) 88. Re2 Rg3 89. Re5 Rxg4 90. Rxd5+ Kc6 91. Rf5 g6 92. Rf6+ Kd5 93. Rxg6 Rg2+ 94. Bd2 g4 95. Kd3 Rg3+ 96. Be3 Bxd4 97. Rg5+ Be5 98. Ke2 Ke4 99. Bxa7 (99. Bf2 $1 $11 {remains equal.} Bf4 100. Rg7 Rxb3 101. Rxg4) 99... Rg2+ $1 $17 ({Much weaker is} 99... Rxb3 $6 100. Rxg4+ Bf4 101. Rh4 $11) 100. Kf1 Ra2 101. Rxg4+ $2 {[%emt 0:00:19][%mdl 8192] [#]} (101. Bf2 $17) 101... Kf3 $1 102. Ra4 {[%emt 0:00:03] [#]} Rd2 $1 ({Weaker is} 102... Rb2 103. Ke1 $11) 103. Ke1 Rd3 104. Ra2 Bc3+ 0-1

[Event "German Bundesliga 2021-22"]
[Site "Germany"]
[Date "2022.04.10"]
[Round "4.12"]
[White "Naiditsch, Arkadij"]
[Black "Stark, Lars"]
[Result "1-0"]
[ECO "A46"]
[WhiteElo "2648"]
[BlackElo "2386"]
[Annotator "TA"]
[PlyCount "87"]
[EventDate "2022.03.05"]
[EventType "team-tourn"]
[EventCountry "GER"]
[SourceTitle "playchess.com"]
[Source "ChessBase"]
[SourceQuality "1"]
[TimeControl "40/5400+30:1800+30"]

1. d4 Nf6 2. Nf3 e6 3. g3 d5 4. Bg2 Be7 5. O-O Nbd7 6. a4 {[%emt 0:00:00] D02: 1 d4 d5 2 Nf3 sidelines, including 2...Nf6 3 g3 and 2...Nf6 3 Bf4.} a5 7. b3 O-O 8. Bb2 {[%emt 0:00:00] The position is equal.} c6 9. Nbd2 b6 10. Ne5 Bb7 {[%emt 0:01:11] [#]} 11. e3 $146 ({Predecessor:} 11. c4 Nxe5 12. dxe5 Nd7 13. Qc2 Bb4 14. Rfd1 Rc8 15. e4 Qe7 16. Rac1 Rfd8 17. Bc3 Ba3 18. Ra1 Bb4 19. Rac1 Ba6 20. Bf1 Bb7 21. Bg2 {½-½ (21) Koneru,H (2484)-Schenk,A (2443) Budapest 2001}) 11... Rc8 12. Rc1 Bb4 13. c3 Bd6 14. f4 c5 15. Qe2 Qe7 16. g4 Ne4 17. Nxe4 dxe4 18. Nc4 Bc7 19. Na3 Qh4 20. Nb5 Bb8 21. h3 (21. c4 $11 {is more appropriate.}) 21... f5 (21... g5 $5 22. Qe1 Qxe1 23. Rcxe1 gxf4 24. exf4 cxd4 25. Nxd4 Nc5 $15) 22. Qe1 Qe7 23. g5 Bd5 24. c4 Bc6 25. h4 Bxb5 26. axb5 Bd6 27. Rc2 a4 28. bxa4 Ra8 (28... cxd4 $14 29. Bxd4 (29. exd4 Ra8 $11) 29... Ra8) 29. Qa1 (29. d5 $1 $16 ) 29... Ra7 30. Bc3 (30. d5 $16) 30... cxd4 31. exd4 ({Reject} 31. Bxd4 Nc5 $15) 31... Bb4 {[%emt 0:00:30] Inhibits a5.} 32. Rb1 Bxc3 33. Qxc3 Rxa4 34. c5 {[%emt 0:00:03] Threatens to win with c6.} Rc8 35. c6 (35. Bf1 $14) 35... Qd6 (35... Nf8 $1 $11) 36. Rd2 $14 Nf8 37. d5 $1 $36 {[%emt 0:01:01][%mdl 2048] White is in control.} exd5 {[%emt 0:00:36] [#] And now ...Ne6 would win.} 38. Qb3 {[%emt 0:00:40] &Bianco is much more active.} ({White should play} 38. Rbd1 $1 $16 Ra3 39. Qc1) 38... Ra3 $2 (38... Qxf4 $2 39. Rxd5 Kh8 40. Rf1 $18) ({Better is} 38... Qc5+ $11 39. Kh2 Rc4) 39. Qxd5+ $16 Qxd5 40. Rxd5 g6 41. Bf1 Rc3 {[%emt 0:00:00] [#]} 42. Rd6 {[%emt 0:00:00] Against Ne6} (42. Rd4 $1 $18 {and the rest is easy.}) 42... Kf7 $2 (42... Ra8 $16 {was necessary.}) 43. Ra1 $18 Ke7 44. Rdd1 {[%emt 0:01:23] Weighted Error Value: White=0.19 (very precise) /Black=0.29 (precise)} 1-0

[Event "German Bundesliga 2021-22"]
[Site "Germany"]
[Date "2022.04.10"]
[Round "4.12"]
[White "Van Wely, Loek"]
[Black "Alonso Rosell, Alvar"]
[Result "1/2-1/2"]
[ECO "A26"]
[WhiteElo "2612"]
[BlackElo "2570"]
[Annotator "TA"]
[PlyCount "89"]
[EventDate "2022.03.05"]
[EventType "team-tourn"]
[EventCountry "GER"]
[SourceTitle "playchess.com"]
[Source "ChessBase"]
[SourceQuality "1"]
[TimeControl "40/5400+30:1800+30"]

1. c4 e5 2. g3 Nc6 3. Bg2 g6 4. Nc3 Bg7 5. e4 d6 6. Nge2 f5 7. d3 Nf6 8. Nd5 O-O 9. O-O Be6 {[%emt 0:02:34] A26: English Opening vs King's Indian with ...Nc6 and d3.} 10. Be3 Qd7 11. b4 Nh5 12. exf5 Bxf5 13. b5 Nd8 {[%emt 0:04:00] [#]} 14. d4 $146 ({Predecessor:} 14. Bg5 Kh8 15. Qd2 c6 16. bxc6 bxc6 17. Nb4 a5 18. Bxd8 axb4 19. Bg5 Ra4 20. Rab1 {0-1 (69) Docampo Beltran,D (2404)-Cuenca Jimenez,J (2518) Varadero 2016}) 14... c6 15. Ndc3 exd4 {[%emt 0:03:40] [#]} 16. Nxd4 (16. bxc6 $1 $14 bxc6 17. Bxd4) 16... Bh3 $11 17. Rc1 Bxg2 18. Kxg2 Nf6 19. h3 {[%emt 0:08:04] Against Ng4} Nf7 20. bxc6 bxc6 21. f4 Rae8 22. Qf3 d5 23. Bf2 (23. cxd5 $2 Ng5 $1 24. fxg5 Nxd5 $19) 23... Ne4 ({Resist} 23... dxc4 24. Qxc6 g5 25. Qxd7 (25. Qxc4 gxf4 26. gxf4 Ne4 $14) 25... Nxd7 26. Ndb5 $14) 24. Nxe4 Rxe4 25. cxd5 cxd5 (25... Ng5 $5 26. Qg4 Qxd5 $15) 26. Qd3 g5 27. f5 {[%emt 0:00:56] And now Ne6 would win.} Ne5 {[%emt 0:00:42] [#]} (27... Bxd4 $14 28. Bxd4 Ne5) 28. Qb5 (28. Qb1 $1 $16 {Black must now prevent Ne6.} g4 29. hxg4) 28... Qxb5 {[%emt 0:00:37] The position is equal.} 29. Nxb5 Re2 (29... Rxf5 $2 30. Nd6 Rf8 31. Nxe4 dxe4 32. Bxa7 $18) 30. Nc3 Rxf2+ 31. Kxf2 {[%emt 0:02:50] Strongly threatening Ke3.} Nd3+ 32. Ke2 Nxc1+ 33. Rxc1 Rxf5 {[%emt 0:00:36][%mdl 4096] Endgame KRB-KRN} 34. g4 Re5+ 35. Kd3 d4 36. Ne4 Ra5 37. Rc8+ Kf7 38. Rc7+ Kg8 39. Rc8+ Kf7 40. Rc7+ Kg8 41. a4 Rxa4 42. Rc8+ Kf7 {[%emt 0:00:00] ...Ra3+ is the strong threat.} 43. Rc7+ Kg8 44. Rc8+ Kf7 45. Rc7+ {[%emt 0:00:04] Weighted Error Value: White=0.07 (flawless) /Black=0.06 (flawless)} 1/2-1/2